 Dungeon Crawl Stone Soup version 0.26-a0-70-g31f1466007 (webtiles) character file.

Game seed: 13062626001570404828

46 MarredHen the Bolt Thrower (level 3, -6/21 HPs)
             Began as a Kobold Hunter on June 12, 2020.
             Mangled by a worm (9 damage)
             ... on level 2 of the Dungeon on June 13, 2020.
             The game lasted 00:04:49 (793 turns).

MarredHen the Bolt Thrower (Kobold Hunter)           Turns: 793, Time: 00:04:50

Health: -6/21      AC:  3    Str:  9    XL:     3   Next: 95%
Magic:  3/3        EV: 15    Int: 12    God:
Gold:   26         SH:  0    Dex: 16    Spells: 2/2 levels left

rFire    . . .     SeeInvis .   h - +0 dagger (venom)
rCold    . . .     Gourm    .   (shield restricted)
rNeg     . . .     Faith    .   c - +0 leather armour
rPois    .         Spirit   .   (no helmet)
rElec    .         Reflect  .   (no cloak)
rCorr    .         Harm     .   (no gloves)
MR       .....                  (no boots)
Stlth    ++........             (no amulet)
HPRegen  0.07/turn              (no ring)
MPRegen  0.08/turn              (no ring)

@: no status effects
A: small, carnivore
a: no special abilities


You were on level 2 of the Dungeon.
You were not hungry.

You visited 1 branch of the dungeon, and saw 2 of its levels.

You collected 26 gold pieces.

Inventory:

Hand Weapons
 a - a +1 hand crossbow
 b - a +0 short sword
 h - a +0 dagger of venom (weapon)
Missiles
 d - 11 bolts (quivered)
Armour
 c - a +0 leather armour (worn)
Scrolls
 e - 2 scrolls of blinking
Potions
 g - a potion of stabbing
 i - a potion of haste {unknown}
 j - a potion of heal wounds {unknown}
Comestibles
 f - 3 rations


   Skills:
 - Level 2.2 Fighting
 + Level 5.9 Crossbows
 + Level 3.3 Dodging
 - Level 1.3 Stealth


You had 2 spell levels left.
You didn't know any spells.
Your spell library was empty.

Dungeon Overview and Level Annotations

Branches:
Dungeon (2/15)

Altars:


Innate Abilities, Weirdness & Mutations

You are small and have problems with some larger weapons.
You are carnivorous and can eat meat at any time.


Message History

The bolt hits the worm but does no damage.
Tossing away (i - inventory)
d - 14 bolts (quivered)
Press: ? - help, Shift-Dir - straight line, f/p - worm
Aim: a worm You toss away a bolt.
The bolt hits the worm but does no damage.
The worm bites you!
* * * LOW HITPOINT WARNING * * *
Tossing away (i - inventory)
d - 13 bolts (quivered)
Press: ? - help, Shift-Dir - straight line, f/p - worm
Aim: a worm You toss away a bolt.
The bolt hits the worm but does no damage.
The worm barely misses you.
Tossing away (i - inventory)
d - 12 bolts (quivered)
Press: ? - help, Shift-Dir - straight line, f/p - worm
Aim: a worm You toss away a bolt.
The bolt barely misses the worm.
The worm bites you!
You die...

### #<########
#.##.....#
#.#....w.#
#####'#.....@#
#............#
#......()....#
#...^.(......#
#....(.......#
#...(........+
#....%.......#
#.......######
#.......#


You could see a worm.

Vanquished Creatures
  A worker ant (D:2)
  2 dart slugs (D:1)
  A leopard gecko (D:1)
  A ball python (D:1)
  A bat (D:1)
  2 goblins (D:1)
  3 hobgoblins (D:1)
  4 kobolds
  A frilled lizard (D:1)
  2 rats (D:1)
18 creatures vanquished.

Notes
Turn   | Place    | Note
-------+----------+-------------------------------------------
     0 | D:1      | MarredHen the Kobold Hunter began the quest for the Orb.
     0 | D:1      | Reached XP level 1. HP: 12/12 MP: 1/1
     0 | D:1      | Upgraded the game from 0.26-a0-67-g850bfe61e3 to
                  | 0.26-a0-70-g31f1466007
    32 | D:1      | Reached skill level 5 in Crossbows
    37 | D:1      | Reached XP level 2. HP: 17/17 MP: 2/2
   376 | D:1      | Reached XP level 3. HP: 21/21 MP: 3/3
   793 | D:2      | Mangled by a worm

Illustrated notes

Levels and vault maps discovered:
D:1:      dpeg_arrival_shelter, layout_basic
D:2:      layout_basic

Skill      XL: |  1  2  3 |
---------------+----------+-----
Crossbows      | 5 |  5.9
Dodging        | 3 |  3.3
Fighting       | |  2.2
Stealth        | |  1.3

Action                   || total
-------------------------++-------
Melee: Dagger            ||     6
 Fire: Hand crossbow     ||    31
  Use: Scroll            ||     4
 Stab: Sleeping          ||     1
Armor: Leather armour    ||     2
Dodge: Dodged            ||    14

Table legend:
 A = Non-vault XP
 B = Vault XP
 C = Vault XP percentage of total XP
 D = Non-vault monster count
 E = Vault monster count
 F = Vault count percentage of total count
                 A         B        C        D         E       F
            +---------+---------+-------+---------+---------+-------
      Total |      67 |       0 |   0.0 |      18 |       0 |   0.0
            +---------+---------+-------+---------+---------+-------
        D:1 |      33 |       0 |   0.0 |      16 |       0 |   0.0
        D:2 |      34 |       0 |   0.0 |       2 |       0 |   0.0
            +---------+---------+-------+---------+---------+-------
